 Dungeon Crawl Stone Soup version 0.29-a0-284-gf9362112df (webtiles) character file.

Game seed: 6299626429984525789

7 spaghetti the Sneak (level 2, -17/21 HPs)
             Began as an Octopode Delver on Mar 28, 2022.
             Demolished by a gnoll sergeant
             ... wielding a +0 trident
              (18 damage)
             ... on level 6 of the Dungeon.
             The game lasted 00:00:20 (93 turns).

spaghetti the Sneak (Octopode Delver)                 Turns: 93, Time: 00:00:21

Health: -17/21     AC:  1    Str: 11    XL:     2   Next: 0%
Magic:  2/2        EV: 13    Int: 12    God:
Gold:   15         SH:  0    Dex: 13    Spells: 1/1 levels left

rFire   . . .      SeeInvis .   a - +0 short sword {short}
rCold   . . .      Faith    .   (no shield)
rNeg    . . .      Spirit   .   (helmet restricted)
rPois   .          Reflect  .   (no amulet)
rElec   .          Harm     .   (no ring)
rCorr   .          Rampage  .   (no ring)
Will    .....                   (no ring)
Stlth   ++++......              (no ring)
HPRegen 0.07/turn               (no ring)
MPRegen 0.08/turn               (no ring)
                                (no ring)
                                (no ring)

@: no status effects
A: almost no armour, amphibious, 8 rings, camouflage 1, gelatinous body 1,
(nimble swimmer 1), tentacles
a: no special abilities


You were on level 6 of the Dungeon.
You visited 1 branch of the dungeon, and saw 2 of its levels.

You collected 15 gold pieces.


Innate Abilities, Weirdness & Mutations

You cannot wear most types of armour.
You are amphibious.
You can wear up to eight rings at the same time.
Your skin changes colour to match your surroundings (Stealth+).
Your rubbery body absorbs attacks. (AC +1, EV +1)
((You are camouflaged when in or above water. (Stealth+)))
You have tentacles for arms and can constrict up to eight enemies at once.


   Skills:
 - Level 3.0 Fighting
 - Level 2.0 Short Blades
 - Level 2.0 Dodging
 + Level 7.1 Stealth


You had one spell level left.
You didn't know any spells.
Your spell library was empty.

Inventory:

Hand Weapons
 a - a +0 short sword (weapon) {short}
Wands
 f - a wand of digging (3)
Scrolls
 b - a scroll of fog
 c - a scroll of magic mapping {!r}
Potions
 e - a potion of haste {@q3}

Dungeon Overview and Level Annotations

Branches:
Dungeon (6/15)
 Temple: D:4-7

Altars:
Ru

Annotations:
D:6 exclusion: door

##...## ##.....##
##### ##.......##
##...###.........###
##.....##.........'..
#...[...#.........###
#.......##.......##
#.......###.....##
##..@..## ##...##
##.g.## ##'##
#######'#### #.#
...........# #.#
...........#####.###
...................#
#######'#####......#
#... ##.#....# #....
#..##.#.#####


You could see a gnoll sergeant.


Message History

🤖 Initializing magus.rc ...
Options error: Delay interrupt name "hungry" not recognised. (~/.crawlrc:4761) Options error: Bad monster_list_colour key: strict_neutral (~/.crawlrc:4776) ✅ Successfully initialized magus.rc [v1.9.6] Welcome, spaghetti the Octopode Delver.
Below lies the Orb of Zot, rumoured to be powerful enough to resurrect a god...
Press ? for a list of commands and other information.
Found 11 gold pieces.
Found a stone staircase leading down.
You climb downwards.
There is a stone staircase leading up here.
Found a sacrificial altar of Ru.
As you open the door, it creaks loudly!
There is an open door here.
You now have 15 gold pieces.
You open the door.
There is an open door here.
You open the door.
A gnoll sergeant comes into view. It is wielding a +0 trident.
The gnoll sergeant shouts!
You close the door.
Press: ? - help, v - describe, . - travel A closed door.
Placed new exclusion.
Reduced exclusion size to a single square.
A gnoll sergeant opens the door.
It is wielding a +0 trident.
A gnoll sergeant is nearby!
A gnoll sergeant is nearby!
You open the door.
A white imp comes into view.
There is an open door here.
You close the door.
A gnoll sergeant opens the door.
The helpless white imp fails to defend itself.
You puncture the white imp!
You kill the white imp!
Your Stealth skill increases to level 7!
You have reached level 2! 😎 HP[+5] MP[+1]
You now have 21 max hp (+5).
Your hp is fully restored (21).
Your mp is fully restored (2).
The gnoll sergeant hits you with a +0 trident. 😕 HP[-4]
You take 4 damage, and now have 17/21 hp.
The gnoll sergeant blocks your attack.
You grab the gnoll sergeant.
You constrict the gnoll sergeant, but do no damage.
The gnoll sergeant hits you with a +0 trident!
Ouch! That really hurt!
* * * LOW HITPOINT WARNING * * *
😱 HP[-16]
You take 16 damage, and now have 1/21 hp.
MASSIVE DAMAGE!! (PAUSE)
Okay, then.
As you read the scroll of fear, it crumbles to dust.
You assume a fearsome visage.
The gnoll sergeant looks frightened!
You constrict the gnoll sergeant, but do no damage.
The gnoll sergeant struggles to escape constriction.
You hit the gnoll sergeant.
Your attack snaps the gnoll sergeant out of its fear.
You squeeze the gnoll sergeant, but do no damage.
You constrict the gnoll sergeant.
The gnoll sergeant hits you with a +0 trident!!
Ouch! That really hurt!
You die...

Skill      XL: |  1 |
---------------+----+-----
Stealth        | 7 |  7.1
Fighting       | |  3.0
Short Blades   | |  2.0
Dodging        | |  2.0

Action                   || total
-------------------------++-------
Melee: Short sword       ||     3
       Constrict         ||     1
       Tentacles         ||     1
  Use: Scroll            ||     1
 Stab: Sleeping          ||     1

Levels and vault maps discovered:
D:5:      layout_loops_ring
D:6:      kennysheep_six_static_rooms, layout_loops_corners,
          lemuel_crystal_altar, mainiacjoe_overflow_catwalk,
          minmay_temple_entry_ruins

Notes
Turn   | Place    | Note
-------+----------+-------------------------------------------
     0 | D:5      | spaghetti the Octopode Delver began the quest for the Orb.
     0 | D:5      | Reached XP level 1. HP: 16/16 MP: 1/1
     0 | D:5      | magus.rc [v1.9.6]
     5 | D:6      | Found a sacrificial altar of Ru.
    79 | D:6      | Noticed a gnoll sergeant
    90 | D:6      | Reached skill level 7 in Stealth
    90 | D:6      | Reached XP level 2. HP: 21/21 MP: 2/2
    91 | D:6      | HP: 1/21 [gnoll sergeant/+0 trident (16)]
    93 | D:6      | Demolished by a gnoll sergeant

Vanquished Creatures
  A white imp (D:6)
1 creature vanquished.

Table legend:
 A = Non-vault XP
 B = Vault XP
 C = Vault XP percentage of total XP
 D = Non-vault monster count
 E = Vault monster count
 F = Vault count percentage of total count
                 A         B        C        D         E       F
            +---------+---------+-------+---------+---------+-------
      Total |       0 |      10 | 100.0 |       0 |       1 | 100.0
            +---------+---------+-------+---------+---------+-------
        D:6 |       0 |      10 | 100.0 |       0 |       1 | 100.0
            +---------+---------+-------+---------+---------+-------

Illustrated notes

Table legend:
 A = Kills in this place as a percentage of kills in entire the game.
 B = Kills by you in this place as a percentage of kills by you in the entire game.
 C = Kills by friends in this place as a percentage of kills by friends in the entire game.
 D = Other kills in this place as a percentage of other kills in the entire game.
 E = Experience gained in this place as a percentage of experience gained in the entire game.
 F = Experience gained in this place divided by the number of levels of this place that you have seen.
                   A       B       C       D       E      F
               +-------+-------+-------+-------+-------+----------------------
         Total | 100.0 | 100.0 |   N/A |   N/A | 100.0 |   5.0
       Dungeon | 100.0 | 100.0 |   N/A |   N/A | 100.0 |   5.0
               +-------+-------+-------+-------+-------+----------------------

Table legend: (Time is in decaauts)
 A = Elapsed time spent in this place.
 B = Non-inter-level travel time spent in this place.
 C = Inter-level travel time spent in this place.
 D = Time resting spent in this place.
 E = Time spent auto-exploring this place.
 F = Levels seen in this place.
 G = Mean time per level.
                   A        B        C        D        E       F      G
               +--------+--------+--------+--------+--------+-----+--------+
         Total |     92 |     92 |      0 |      0 |     77 |   2 |   46.0 |
       Dungeon |     92 |     92 |      0 |      0 |     77 |   2 |   46.0 |
               +--------+--------+--------+--------+--------+-----+--------+

Top non-repeatable levels by time:
     D:6: 91 daAuts
     D:5: 1 daAuts
